 Dungeon Crawl Stone Soup version 0.27-a0-1228-gfd60fd639a (webtiles) character file.

Game seed: 4192301839287217822

9 Shayle the Grave Robber (level 2, 0/22 HPs)
             Began as a Palentonga Necromancer on June 8, 2021.
             Slain by a dart slug (3 damage)
             ... on level 1 of the Dungeon.
             The game lasted 00:00:51 (216 turns).

Shayle the Grave Robber (Palentonga Necromancer)     Turns: 216, Time: 00:00:52

Health: 0/22       AC: 11    Str: 11    XL:     2   Next: 3%
Magic:  5/5        EV: 10    Int: 15    God:
Gold:   0          SH:  0    Dex: 10    Spells: 4/5 levels left

rFire    . . .     SeeInvis +   d - +1 dagger (protect)
rCold    . . .     Faith    .   (no shield)
rNeg     . . .     Spirit   .   a - +0 robe
rPois    .         Reflect  .   (no helmet)
rElec    .         Harm     .   (no cloak)
rCorr    .         Rampage  .   (no gloves)
Will     .....                  (no barding)
Stlth    +.........             (no amulet)
HPRegen  0.07/turn              (no ring)
MPRegen  0.09/turn              (no ring)

@: under a protective aura
A: large, rugged brown scales 3, see invisible, deformed body, roll 1, armoured
tail
a: Rolling Charge


You were on level 1 of the Dungeon.
You visited 1 branch of the dungeon, and saw 1 of its levels.

Inventory:

Hand Weapons
 b - a +0 mace
 d - a +1 dagger of protection (weapon)
Armour
 a - a +0 robe (worn)


   Skills:
 + Level 1.1 Fighting
 + Level 2.0 Dodging
 - Level 1.2 Stealth
 - Level 2.0 Spellcasting
 - Level 4.0 Necromancy


You had 4 spell levels left.
You knew the following spells:

 Your Spells              Type           Power      Damage    Failure   Level
a - Pain                  Necr           52%        1d6       4%          1

Your spell library contained the following spells:

 Spells                   Type           Power      Damage    Failure   Level
 Animate Skeleton         Necr           26%        N/A       4%          1
 Vampiric Draining        Necr           6%         2d6       13%         3
 Animate Dead             Necr           6%         N/A       38%         4
 Agony                    Necr           13%        N/A       75%         5


Dungeon Overview and Level Annotations

Branches:
Dungeon (1/15)

Altars:


Innate Abilities, Weirdness & Mutations

You are completely covered in rugged brown scales. (AC +3, +7% HP)
You have supernaturally acute eyesight. (SInv)
Armour fits poorly on your strangely shaped body.
You can roll at nearby foes to attack.
You have a long armoured tail.


Message History

You barely miss the jackal. The jackal barely misses you. The jackal bites you.
* * * LOW HITPOINT WARNING * * *
You aren't carrying any potions.
You barely miss the jackal.
The jackal bites you but does no damage. x2
Your +1 dagger of protection hums with potential!
d - a +1 dagger of protection (weapon)
The jackal closely misses you.
You hit the jackal.
Your weapon exudes an aura of protection.
The jackal is lightly wounded.
The jackal bites you but does no damage.
You closely miss the jackal.
The jackal is lightly wounded.
The jackal closely misses you. x2
You closely miss the jackal. You tail-slap the jackal.
The jackal is moderately wounded.
The jackal barely misses you.
You closely miss the jackal.
Your tail-slap misses the jackal.
The jackal is moderately wounded.
The jackal bites you but does no damage. x2
You hit the jackal.
Your weapon exudes an aura of protection.
The jackal is severely wounded.
The jackal bites you.
* * * LOW HITPOINT WARNING * * *
You hit the jackal.
You kill the jackal!
Your Fighting skill increases to level 1!
You hit the jackal.
The jackal is almost dead.
The jackal closely misses you.
You hit the jackal.
You kill the jackal!
The dart slug launches a dart at you.
The slug dart hits you but does no damage.
Your Dodging skill increases to level 2!
You have reached level 2!
The dart slug bites you.
You die...

### .#.# .. ..#
....... .. ..#
....... . ..#
....... #.#h#
.......
..#.#.#.###.......
..........+.......
# #.###.......
..#.#.#.w@........
.......(.########.
..#.#.##.###....#
#.#.......... #
#.#.##......##
#.#.# ##... ###
#.#.# #... ##.##
#.#.######...
#'#.#
#...........#
##.##'


You could see a dart slug.

Vanquished Creatures
  2 bats (D:1)
  An endoplasm (D:1)
  3 jackals (D:1)
  A quokka (D:1)
7 creatures vanquished.

Notes
Turn   | Place    | Note
-------+----------+-------------------------------------------
     0 | D:1      | Shayle the Palentonga Necromancer began the quest for the
                  | Orb.
     0 | D:1      | Reached XP level 1. HP: 13/13 MP: 3/3
   214 | D:1      | Reached skill level 1 in Fighting
   216 | D:1      | Reached XP level 2. HP: 3/22 MP: 5/5
   216 | D:1      | Slain by a dart slug

Illustrated notes

Levels and vault maps discovered:
D:1:      dpeg_arrival_rhombi, layout_basic

Skill      XL: |  1 |
---------------+----+-----
Fighting       | 1 |  1.1
Dodging        | 2 |  2.0
Stealth        | |  1.2
Spellcasting   | |  2.0
Necromancy     | |  4.0

Action                   || total
-------------------------++-------
Melee: Mace              ||    21
       Dagger            ||     8
       Tailslap          ||     3
 Cast: Pain              ||     1
 Abil: Rolling Charge    ||     3
Armor: Robe              ||    28
Dodge: Dodged            ||    16

Table legend: (Time is in decaauts)
 A = Elapsed time spent in this place.
 B = Non-inter-level travel time spent in this place.
 C = Inter-level travel time spent in this place.
 D = Time resting spent in this place.
 E = Time spent auto-exploring this place.
 F = Levels seen in this place.
 G = Mean time per level.
                   A        B        C        D        E       F      G
               +--------+--------+--------+--------+--------+-----+--------+
         Total |    223 |    223 |      0 |      0 |    153 |   1 |  223.0 |
       Dungeon |    223 |    223 |      0 |      0 |    153 |   1 |  223.0 |
               +--------+--------+--------+--------+--------+-----+--------+

Top non-repeatable levels by time:
     D:1: 223 daAuts
